 Dungeon Sprint DCSS version 0.29-a0-364-g921d912d32 (webtiles) character file.

Game seed: 2124552707973606726

1761 mhtbhm the Fighter (level 9, -2/97 HPs)
             Began as a Kobold Berserker on Apr 30, 2022.
             Was a High Priest of Trog.
             Slain by a two-headed ogre
             ... wielding a +0 giant club
              (4 damage)
             ... in the Dungeon (Sprint III: "The Ten Rune Challenge").
             The game lasted 00:02:02 (1698 turns).

mhtbhm the Fighter (Kobold Berserker)               Turns: 1698, Time: 00:02:02

Health: -2/97      AC:  5    Str: 18    XL:     9   Next: 27%
Magic:  9/9        EV: 17    Int:  8    God:    Trog [*****.]
Gold:   44         SH:  0    Dex: 15    Spells: 8/8 levels left

rFire   . . .      SeeInvis .   a - +0 hand axe
rCold   . . .      Faith    .   (no shield)
rNeg    . . .      Spirit   .   b - +0 ring mail
rPois   .          Reflect  .   (no helmet)
rElec   .          Harm     .   (no cloak)
rCorr   .          Rampage  .   (no gloves)
Will    .....      NoTele   +   (no boots)
Stlth   ..........              (no amulet)
HPRegen 0.26/turn               (no ring)
MPRegen 0.11/turn               (no ring)

@: berserking, very quick
A: small, no large weapons, nightstalker 3
a: Renounce Religion, Berserk, Trog's Hand, Brothers in Arms


You were in the Dungeon.
You worshipped Trog.
Trog was extremely pleased with you.
You visited 1 branch You collected 44 gold pieces.

Inventory:

Hand Weapons
 a - a +0 hand axe (weapon)
Armour
 b - a +0 ring mail (worn)
Wands
 o - a wand of paralysis (10)
Scrolls
 h - a scroll of blinking
 j - a scroll of torment {unknown}
 k - 3 scrolls of identify
 m - a scroll of immolation {unknown}
Potions
 c - a potion of curing
 d - 2 potions of heal wounds
 e - a potion of haste
 f - 2 potions of magic
 g - 2 potions of berserk rage
 i - a potion of attraction {unknown}
 l - 2 potions of flight {unknown}
 n - 6 potions of mutation
Miscellaneous
 p - a phial of floods


   Skills:
 + Level 11.7 Fighting
 + Level 11.4 Axes
 + Level 4.0 Armour
 + Level 7.9 Dodging
 + Level 10.3 Stealth


You had 8 spell levels left.
You didn't know any spells.
Your spell library was empty.

Dungeon Overview and Level Annotations

Branches:
Dungeon (1/1)

Altars:
Cheibriados
Dithmenos
Elyvilon
Fedhas
Gozag
Hepliaklqana
Kikubaaqudgha
Makhleb
Nemelex Xobeh
Okawaru
Qazlal
Ru
Sif Muna
Trog
Uskayaw
Vehumet
Wu Jian
Xom
Yredelemnul
Zin
The Shining One
Beogh
Jiyva
Lugonu

Annotations:
D Erolcha


Innate Abilities, Weirdness & Mutations

You are small and have problems with some larger weapons.
You are completely attuned to the shadows.


Message History

You start resting.
HP restored.
You start waiting.
You recover from your berserk rage.
You start waiting.
A two-headed ogre and Erolcha come into view.
Erolcha is wielding a +0 giant spiked club and wearing a +0 robe of positive energy.
The helpless Erolcha fails to defend herself.
You slice Erolcha!!
Erolcha is moderately wounded.
The helpless two-headed ogre fails to defend itself.
You hit the two-headed ogre.
Erolcha mumbles some strange words.
Erolcha blinks!
The two-headed ogre hits you with a +0 giant club!!
The two-headed ogre misses you.
A red film seems to cover your vision as you go berserk!
You feel yourself moving faster!
You feel mighty! Erolcha barely misses you. The two-headed ogre misses you.
The two-headed ogre hits you with a +0 giant spiked club!!
* * * LOW HITPOINT WARNING * * *
You are too injured to fight recklessly!
You are too injured to fight recklessly!
You slash the two-headed ogre!
The two-headed ogre is lightly wounded.
You hit Erolcha but do no damage. You slash the two-headed ogre!
The two-headed ogre is moderately wounded.
You hit Erolcha.
Erolcha hits you with a +0 giant spiked club!!
* * * LOW HITPOINT WARNING * * *
You slash the two-headed ogre!
The two-headed ogre is severely wounded.
You slash Erolcha! You slice the two-headed ogre!!
The two-headed ogre is almost dead.
You slash Erolcha!
The two-headed ogre completely misses you.
The two-headed ogre hits you with a +0 giant spiked club.
You die...

#._# #'## ...# ...#
##'#
...#+##############
...#....#.#.#)....#
...##.#).#.##.###O#
...'##)#.#.##.#O@##
...#...#..#..##..+
▓▓▓▓▓▓▓▓▓▓▓▓▓▓▓▓▓#


You could see a two-headed ogre and Erolcha.

Vanquished Creatures
  A deep elf pyromancer (D)
  A shadow (D)
  A spatial vortex (D)
  4 two-headed ogres (D)
  A necrophage (D)
  A water elemental (D)
  A jelly (D)
  Jessica (D)
  A wizard (D)
  A necromancer (D)
  3 humans (D)
  A kobold demonologist (D)
  A wolf (D)
  3 rats (D)
21 creatures vanquished.

Notes
Turn   | Place    | Note
-------+----------+-------------------------------------------
     0 | D        | mhtbhm the Kobold Berserker began the quest for the Orb.
     0 | D        | Reached XP level 1. HP: 14/14 MP: 1/1
    12 | D        | Noticed Jessica
    18 | D        | Killed Jessica
    18 | D        | Reached ** piety under Trog
    19 | D        | Reached skill level 5 in Fighting
    19 | D        | Reached skill level 1 in Stealth
    19 | D        | Reached XP level 2. HP: 6/21 MP: 2/2
    19 | D        | Reached XP level 3. HP: 7/26 MP: 3/3
   390 | D        | Reached XP level 4. HP: 32/32 MP: 4/4
   451 | D        | Noticed a water elemental
   462 | D        | Killed a water elemental
   462 | D        | Reached *** piety under Trog
   463 | D        | Reached skill level 5 in Axes
   463 | D        | Reached XP level 5. HP: 37/37 MP: 5/5
   601 | D        | Found a basalt altar of Yredelemnul.
   601 | D        | Found a shadowy altar of Dithmenos.
   601 | D        | Found a sacrificial altar of Ru.
   609 | D        | Reached skill level 5 in Dodging
   609 | D        | Reached XP level 6. HP: 32/44 MP: 6/6
   765 | D        | Found a radiant altar of Vehumet.
   765 | D        | Found a shimmering blue altar of Sif Muna.
   765 | D        | Found an ancient bone altar of Kikubaaqudgha.
   768 | D        | Noticed a sixfirhy
   773 | D        | Noticed a smoke demon
   776 | D        | Noticed a sixfirhy
   776 | D        | Reached **** piety under Trog
  1058 | D        | Found a glowing silver altar of Zin.
  1058 | D        | Found a glowing golden altar of the Shining One.
  1058 | D        | Found a white marble altar of Elyvilon.
  1059 | D        | Noticed a deep elf pyromancer
  1068 | D        | Killed a deep elf pyromancer
  1069 | D        | Reached skill level 10 in Fighting
  1069 | D        | Reached XP level 7. HP: 52/52 MP: 7/7
  1163 | D        | Found a hide-covered altar of Uskayaw.
  1163 | D        | Found an iron altar of Okawaru.
  1163 | D        | Found a bloodstained altar of Trog.
  1163 | D        | Found an ornate altar of the Wu Jian Council.
  1163 | D        | Noticed a human
  1164 | D        | Noticed a human
  1172 | D        | Killed a human
  1173 | D        | Reached XP level 8. HP: 58/58 MP: 8/8
  1174 | D        | Killed a human
  1175 | D        | Reached skill level 10 in Axes
  1266 | D        | Noticed a shadow
  1274 | D        | Reached ***** piety under Trog
  1275 | D        | Killed a shadow
  1311 | D        | Found a blossoming altar of Fedhas.
  1311 | D        | Found a stormy altar of Qazlal.
  1311 | D        | Found a snail-covered altar of Cheibriados.
  1311 | D        | Found a burning altar of Makhleb.
  1311 | D        | Found a shimmering altar of Xom.
  1312 | D        | Found a hazy altar of Hepliaklqana.
  1312 | D        | Found an opulent altar of Gozag.
  1312 | D        | Found a sparkling altar of Nemelex Xobeh.
  1312 | D        | Found a corrupted altar of Lugonu.
  1312 | D        | Found a viscous altar of Jiyva.
  1381 | D        | Reached XP level 9. HP: 59/64 MP: 9/9
  1386 | D        | Received a gift from Trog
  1576 | D        | Noticed a two-headed ogre
  1585 | D        | Killed a two-headed ogre
  1586 | D        | Reached skill level 10 in Stealth
  1691 | D        | Noticed a two-headed ogre
  1691 | D        | Noticed Erolcha
  1696 | D        | HP: 2/97 [Erolcha/+0 giant spiked club (27)]
  1698 | D        | Slain by a two-headed ogre

Illustrated notes

Levels and vault maps discovered:
D:        dungeon_sprint_mu [sprint_mu_entry_forest, sprint_mu_temple_rooms,
          sprint_mu_d1_spiders, sprint_mu_d2_genie, sprint_mu_d3_branching,
          sprint_mu_orc_legion, sprint_mu_elf_gauntlet, sprint_mu_hive_nellie,
          sprint_mu_lair_fedhas, sprint_mu_vaults_butterflies,
          sprint_mu_slime_circle, sprint_mu_swamp_cave, sprint_mu_shoals_kraken,
          sprint_mu_blade_basic, sprint_mu_crypt_chambers,
          sprint_mu_tomb_spiral, sprint_mu_vestibule_basic,
          sprint_mu_gehenna_hellfire, sprint_mu_dis_giant,
          sprint_mu_tartarus_statrot, sprint_mu_cocytus_islands, sprint_mu_zot1]

Skill      XL: |  1  2  3  4  5  6  7  8  9 |
---------------+----------------------------+-----
Fighting       | 5 6 7 10 11 | 11.7
Axes           | 3 4 5 6 9 10 11 | 11.4
Armour         | 2 3 4 |  4.0
Dodging        | 3 4 5 6 7 |  7.9
Stealth        | 1 2 3 4 7 9 10 | 10.3

Action                   |  1- 3 |  4- 6 |  7- 9 || total
-------------------------+-------+-------+-------++-------
Melee: Hand axe          |    24 |    27 |    64 ||   115
       Punch             |       |       |     1 ||     1
Invok: Berserk           |     3 |     4 |     5 ||    12
 Stab: Sleeping          |     2 |     2 |     7 ||    11
Armor: Animal skin       |     2 |       |       ||     2
       Robe              |       |     2 |     1 ||     3
       Ring mail         |       |       |     1 ||     1
Dodge: Dodged            |    14 |    18 |    25 ||    57

Table legend: (Time is in decaauts)
 A = Elapsed time spent in this place.
 B = Non-inter-level travel time spent in this place.
 C = Inter-level travel time spent in this place.
 D = Time resting spent in this place.
 E = Time spent auto-exploring this place.
 F = Levels seen in this place.
 G = Mean time per level.
                   A        B        C        D        E       F      G
               +--------+--------+--------+--------+--------+-----+--------+
         Total |   1776 |   1776 |      0 |   1411 |      1 |   1 | 1776.0 |
       Dungeon |   1776 |   1776 |      0 |   1411 |      1 |   1 | 1776.0 |
               +--------+--------+--------+--------+--------+-----+--------+

Top non-repeatable levels by time:
       D: 1776 daAuts
